 Dungeon Crawl Stone Soup version 0.29-a0-414-g5075937ec3 (webtiles) character file.

Game seed: 9083595453856174604

5 trckry the Vexing (level 1, 0/7 HPs)
             Began as a Felid Enchanter on May 15, 2022.
             Slain by a quokka (1 damage)
             ... on level 1 of the Dungeon.
             The game lasted 00:00:27 (385 turns).

trckry the Vexing (Felid Enchanter)                  Turns: 385, Time: 00:00:28

Health: 0/7        AC:  1    Str:  4    XL:     1   Next: 66%
Magic:  4/4        EV: 17    Int: 16    God:
Gold:   20         SH:  0    Dex: 16    Spells: 4/4 levels left
                                        Lives:  0   Deaths: 0

rFire   . . .      SeeInvis +     - Unarmed
rCold   . . .      Faith    .   (shield unavailable)
rNeg    . . .      Spirit   .   (body armour unavailable)
rPois   .          Reflect  .   (helmet unavailable)
rElec   .          Harm     .   (cloak unavailable)
rCorr   .          Rampage  .   (gloves unavailable)
Will    .....                   (boots unavailable)
Stlth   +++.......              (no amulet)
HPRegen 0.02/turn               (no ring)
MPRegen 0.09/turn               (no ring)

@: quick
A: very small, claws 1, fangs 3, see invisible, speed 1, shaggy fur 1, stealthy
paws, no weapons or thrown items, no armour, multi-lived
a: no special abilities


You were on level 1 of the Dungeon.
You visited 1 branch of the dungeon, and saw 1 of its levels.

You collected 20 gold pieces.

Inventory:

Potions
 a - 2 potions of invisibility
 b - a potion of curing {unknown}


   Skills:
 - Level 2.6 Dodging
 - Level 4.0 Stealth
 * Level 1.4 Unarmed Combat
 - Level 2.0 Spellcasting
 * Level 4.7 Hexes


You had 4 spell levels left.
You didn't know any spells.
Your spell library contained the following spells:

 Spells                   Type           Power      Damage    Failure   Level
 Confusing Touch          Hex            16%        N/A       9%          3
 Tukima's Dance           Hex            16%        N/A       9%          3
 Ensorcelled Hibernation  Hex/Ice        18%        N/A       12%         2
 Dazzling Flash           Conj/Hex       18%        N/A       24%         3


Dungeon Overview and Level Annotations

Branches:
Dungeon (1/15)

Altars:


Innate Abilities, Weirdness & Mutations

You have sharp claws.
You have razor-sharp teeth.
You have supernaturally acute eyesight. (SInv)
You cover ground quickly. (Speed+)
You are covered in fur. (AC +1)
Your paws help you pounce on unaware monsters.
You are incapable of wielding weapons or throwing items.
You cannot wear armour.
You gain extra lives every three experience levels.


Message History

You kill the goblin!
The endoplasm barely misses you.
Things that are here:
a +0 dagger; a goblin corpse You barely miss the endoplasm.
The endoplasm misses you.
You scratch the endoplasm but do no damage.
The endoplasm misses you.
You scratch the endoplasm.
The endoplasm is heavily wounded.
The endoplasm freezes you.
You are frozen.
You take 2 damage, and have 5/7 hp.
MASSIVE DAMAGE!!
You scratch the endoplasm.
You kill the endoplasm!
Things that are here:
a +0 dagger; a goblin corpse You now have 20 gold pieces (gained 7).
A quokka comes into view.
Found a dagger.
Health restored: 7 A quokka is nearby!
Found a scroll labelled XASUZE YBRUYGA.
Found a scroll labelled PURCHE HOEPN.
The quokka misses you.
You scratch the quokka. You bite the quokka, but do no damage.
The quokka is moderately wounded.
The quokka closely misses you.
You barely miss the quokka. You bite the quokka, but do no damage.
The quokka is moderately wounded.
The quokka bites you.
You take 3 damage, and have 4/7 hp.
MASSIVE DAMAGE!!
You closely miss the quokka.
The quokka is moderately wounded.
The quokka bites you.
* * * LOW HITPOINT WARNING * * *
The quokka barely misses you.
You take 3 damage, and have 1/7 hp.
MASSIVE DAMAGE!!
You barely miss the quokka.
The quokka is moderately wounded.
The quokka bites you.
You die...

#?#.. #... ## ..?... #
# #.. .###.
#.#..........
####.#.#.#...###
..).....r.......
##.....#@###.#.#
................
.....................#
#.....#........###.###
#.....#........### #
#.#.....#..........#
#.#.....#.....[.##.#
#.#.....#..........#
#.......#..###..#..#


You could see a quokka.

Vanquished Creatures
  2 ball pythons (D:1)
  An endoplasm (D:1)
  A goblin (D:1)
  A rat (D:1)
5 creatures vanquished.

Notes
Turn   | Place    | Note
-------+----------+-------------------------------------------
     0 | D:1      | trckry the Felid Enchanter began the quest for the Orb.
     0 | D:1      | Reached XP level 1. HP: 7/7 MP: 4/4
   384 | D:1      | HP: 1/7 [quokka (3)]
   385 | D:1      | Slain by a quokka

Illustrated notes

Levels and vault maps discovered:
D:1:      ncdulo_smallfort, layout_basic, serial_shops, shop_fountains

Action                   || total
-------------------------++-------
Melee: Unarmed           ||    22
       Bite              ||     2
Dodge: Dodged            ||    20

Table legend: (Time is in decaauts)
 A = Elapsed time spent in this place.
 B = Non-inter-level travel time spent in this place.
 C = Inter-level travel time spent in this place.
 D = Time resting spent in this place.
 E = Time spent auto-exploring this place.
 F = Levels seen in this place.
 G = Mean time per level.
                   A        B        C        D        E       F      G
               +--------+--------+--------+--------+--------+-----+--------+
         Total |    364 |    364 |      0 |      0 |    317 |   1 |  364.0 |
       Dungeon |    364 |    364 |      0 |      0 |    317 |   1 |  364.0 |
               +--------+--------+--------+--------+--------+-----+--------+

Top non-repeatable levels by time:
     D:1: 364 daAuts
